Edmonton Oilers vs New York Rangers
Created - Friday, May 26, 2023 at 09:09
Goals
|
| Edmonton Oilers |
1 |
0 |
0 |
1 |
| New York Rangers |
1 |
1 |
0 |
2 |
|
Shots
|
| Edmonton Oilers |
15 |
9 |
2 |
26 |
| New York Rangers |
11 |
13 |
10 |
34 |
|
1st period
1. Edmonton Oilers , Adrian Kempe 29 (Jamie Benn 36) at 3:23
2. New York Rangers , Patrice Bergeron 26 (T.J. Oshie 14) at 13:13
Penalties :
Mark Giordano (NYR) for Hooking (Minor) at 15:53
2nd period
3. New York Rangers , Mikael Granlund 14 (Blake Wheeler 23, Nathan MacKinnon 55) at 9:36 (PP)
Penalties :
Anthony Duclair (EDM) for Hooking (Minor) at 3:02, Cam Fowler (NYR) for Holding (Minor) at 3:19, Adrian Kempe (EDM) for Hooking (Minor) at 8:49, Jake McCabe (NYR) for Roughing (Minor) at 17:56
3rd period
No Goal
Penalties :
Brett Pesce (EDM) for Roughing (Minor) at 3:12, Boone Jenner (EDM) for Hooking (Minor) at 6:45, Patrice Bergeron (NYR) for Tripping (Minor) at 12:13, Jacob Trouba (EDM) for High sticking (Minor) at 18:15
Goalie Stats
Matt Murray (EDM), 32 saves from 34 shots - (0.941), L, 10-12-1, 60:00 minutes
Igor Shesterkin (NYR), 25 saves from 26 shots - (0.962), W, 19-18-3, 60:00 minutes
Players Stats for Edmonton Oilers
Player Name G A P +/- PIM S H SB GA TA FO MP PP MP PK MP
------------------------------------------------------------------------------------
Adrian Kempe 1 0 1 1 2 6 0 1 2 1 1/4 17:10 2:34 2:44
Alex Iafallo 0 0 0 -1 0 0 1 0 0 0 3/9 13:10 0:00 1:04
Anthony Duclair 0 0 0 0 2 2 1 0 0 0 1/1 17:12 3:36 0:00
Boone Jenner 0 0 0 1 2 8 0 0 0 0 7/15 23:55 2:25 2:33
Brandon Carlo 0 0 0 0 0 0 1 1 0 0 0/0 14:01 0:00 0:12
Brett Pesce 0 0 0 1 2 0 0 1 0 1 0/0 20:38 2:59 2:09
Brock Boeser 0 0 0 0 0 1 3 0 2 1 0/0 21:03 3:33 3:05
Cam Atkinson 0 0 0 -1 0 2 2 0 0 0 0/0 12:45 0:04 0:00
Damon Severson 0 0 0 -1 0 2 1 0 0 1 0/0 24:47 3:15 3:35
Duncan Keith 0 0 0 0 0 0 0 3 0 3 0/0 15:43 0:00 2:00
Erik Johnson 0 0 0 1 0 0 0 0 0 0 0/0 21:24 2:59 3:11
Jacob Trouba 0 0 0 -1 2 1 4 1 0 0 0/0 23:36 3:15 2:25
Jakub Voracek 0 0 0 -1 0 0 2 1 0 0 1/1 12:16 0:04 0:00
Jamie Benn 0 1 1 1 0 0 2 0 0 0 0/0 17:51 2:37 3:26
Mikael Backlund 0 0 0 0 0 0 0 0 0 0 1/4 7:47 0:00 0:00
Paul Stastny 0 0 0 0 0 3 1 0 0 0 0/1 8:27 0:00 0:40
Ryan Getzlaf 0 0 0 0 0 1 1 0 0 0 13/17 17:17 3:33 0:00
Sean Kuraly 0 0 0 0 0 0 0 0 0 0 0/0 2:25 0:16 0:00
Players Stats for New York Rangers
Player Name G A P +/- PIM S H SB GA TA FO MP PP MP PK MP
------------------------------------------------------------------------------------
Adam Larsson 0 0 0 -1 0 2 1 0 1 1 0/0 21:52 3:51 2:58
Andre Burakovsky 0 0 0 1 0 2 1 0 1 0 0/0 15:13 2:38 0:00
Blake Wheeler 0 1 1 0 0 2 0 0 0 0 0/4 21:03 4:08 3:00
Cam Fowler 0 0 0 1 2 1 1 3 1 1 0/0 24:39 2:54 3:21
Carl Hagelin 0 0 0 -1 0 4 0 0 1 0 0/0 8:52 0:00 0:45
Conor Garland 0 0 0 0 0 2 0 0 0 0 0/0 11:38 0:00 0:00
David Kampf 0 0 0 0 0 0 1 0 0 0 1/3 12:30 0:00 0:57
Dmitry Kulikov 0 0 0 0 0 0 0 0 0 1 0/0 14:09 0:00 0:00
Eric Robinson 0 0 0 0 0 0 1 0 0 0 0/3 11:59 0:00 0:00
Jake McCabe 0 0 0 -1 2 1 1 0 0 0 0/0 20:55 3:51 2:02
Luke Glendening 0 0 0 -1 0 0 1 0 1 0 2/3 7:32 0:00 0:00
Mark Giordano 0 0 0 1 2 1 0 1 1 0 0/0 23:54 2:55 1:52
Matt Benning 0 0 0 0 0 1 2 0 0 0 0/0 15:30 0:00 2:15
Mikael Granlund 1 0 1 0 0 7 4 0 0 1 1/1 20:49 4:08 2:46
Nathan MacKinnon 0 1 1 0 0 3 0 0 0 0 11/22 20:10 4:08 2:55
Patrice Bergeron 1 0 1 1 2 5 4 2 1 0 8/13 18:30 2:38 2:05
T.J. Oshie 0 1 1 1 0 1 0 0 0 0 1/2 15:13 2:38 0:00
Tyler Motte 0 0 0 -1 0 2 1 0 0 0 1/1 7:32 0:00 0:00
3 Stars
1 - Igor Shesterkin (NYR)
2 - Mikael Granlund (NYR)
3 - Patrice Bergeron (NYR)
Power Play
Edmonton Oilers - 0 on 4 Attempt(s) - 0.00%
New York Rangers - 1 on 5 Attempt(s) - 20.00%
Penalty Kill
Edmonton Oilers - 4 on 5 Attempt(s) - 80.00%
- Score 0 goal in Penalty Kill
New York Rangers - 4 on 4 Attempt(s) - 100.00%
- Score 0 goal in Penalty Kill
Team Stat
Edmonton Oilers - Hits : 19 - Faceoff Wins : 27 - Blocked Shots : 8 - Penalty Minutes : 10
New York Rangers - Hits : 18 - Faceoff Wins : 25 - Blocked Shots : 6 - Penalty Minutes : 8
Official
Referees : Dean Morton and Dave Lewis
Linesman : Derek Nansen and Kiel Murchison
Game Notes
No Game Note
Finance
Level 1 -- Attendance: 5033 (83.88%) -- Ticket Income $513,366
Level 2 -- Attendance: 3424 (68.48%) -- Ticket Income $215,712
Level 3 -- Attendance: 2223 (74.10%) -- Ticket Income $91,143
Level 4 -- Attendance: 3419 (68.38%) -- Ticket Income $95,732
Luxury Box -- Attendance: 960 (96.00%) -- Ticket Income $187,200
Game was played at the Madison Square Garden.
Total Attendance: 15059 (75.30%)
Total Ticket Income: $1,103,153
Other Income: $386,104
Total Income: $1,489,257
Edmonton Oilers
5 vs 5 Forward
Center Left Wing Right Wing Time % Phy DF OF
1 Boone Jenner Jamie Benn Adrian Kempe 30 1 2 2
2 Ryan Getzlaf Anthony Duclair Brock Boeser 30 1 2 2
3 Alex Iafallo Jakub Voracek Cam Atkinson 25 1 2 2
4 Mikael Backlund Paul Stastny Boone Jenner 15 1 2 2
5 vs 5 Defense
Defense Defense Time % Phy DF OF
1 Damon Severson Jacob Trouba 30 1 2 2
2 Brett Pesce Erik Johnson 30 1 2 2
3 Brandon Carlo Duncan Keith 25 1 2 2
4 Damon Severson Jacob Trouba 15 1 2 2
PowerPlay Forward
Center Left Wing Right Wing Time % Phy DF OF
1 Boone Jenner Jamie Benn Adrian Kempe 50 1 2 2
2 Ryan Getzlaf Anthony Duclair Brock Boeser 50 1 2 2
PowerPlay Defense
Defense Defense Time % Phy DF OF
1 Damon Severson Jacob Trouba 50 1 2 2
2 Brett Pesce Erik Johnson 50 1 2 2
Penalty Kill 4 Players Forward
Center Wing Time % Phy DF OF
1 Boone Jenner Jamie Benn 50 1 2 2
2 Adrian Kempe Brock Boeser 50 1 2 2
Penalty Kill 4 Players Defense
Defense Defense Time % Phy DF OF
1 Damon Severson Jacob Trouba 50 1 2 2
2 Brett Pesce Erik Johnson 50 1 2 2
Penalty Kill - 3 Players Forward
Forward Time % Phy DF OF
1 Boone Jenner 50 1 2 2
2 Jamie Benn 50 1 2 2
Penalty Kill - 3 Players Defense
Defense Defense Time % Phy DF OF
1 Damon Severson Jacob Trouba 50 1 2 2
2 Brett Pesce Erik Johnson 50 1 2 2
4 vs 4 Forward
Center Wing Time % Phy DF OF
1 Boone Jenner Jamie Benn 50 1 2 2
2 Adrian Kempe Brock Boeser 50 1 2 2
4 vs 4 Defense
Defense Defense Time % Phy DF OF
1 Damon Severson Jacob Trouba 50 1 2 2
2 Brett Pesce Erik Johnson 50 1 2 2
Last Minutes Offensive
Center Left Wing Right Wing Defense Defense
Boone Jenner Jamie Benn Adrian Kempe Damon Severson Jacob Trouba
Last Minutes Defensive
Center Left Wing Right Wing Defense Defense
Boone Jenner Jamie Benn Adrian Kempe Damon Severson Jacob Trouba
Goaltenders
Starting : Matt Murray
Backup : Juuse Saros
Extra Forwards
Normal : Sean Kuraly, Cam Atkinson, Alex Iafallo - PP : Sean Kuraly, Cam Atkinson - PK : Alex Iafallo
Extra Defensemen
Normal : Brandon Carlo, Duncan Keith, Brett Pesce - PP : Brandon Carlo - PK : Duncan Keith, Brett Pesce
Penalty Shots
Boone Jenner, Jamie Benn, Adrian Kempe, Brock Boeser, Ryan Getzlaf
New York Rangers
5 vs 5 Forward
Center Left Wing Right Wing Time % Phy DF OF
1 Nathan MacKinnon Mikael Granlund Blake Wheeler 30 1 2 2
2 Patrice Bergeron Andre Burakovsky T.J. Oshie 30 1 2 2
3 David Kampf Conor Garland Eric Robinson 25 1 2 2
4 Luke Glendening Carl Hagelin Tyler Motte 15 1 2 2
5 vs 5 Defense
Defense Defense Time % Phy DF OF
1 Cam Fowler Mark Giordano 30 1 2 2
2 Adam Larsson Jake McCabe 30 1 2 2
3 Dmitry Kulikov Matt Benning 25 1 2 2
4 Cam Fowler Mark Giordano 15 1 2 2
PowerPlay Forward
Center Left Wing Right Wing Time % Phy DF OF
1 Nathan MacKinnon Mikael Granlund Blake Wheeler 50 1 2 2
2 Patrice Bergeron Andre Burakovsky T.J. Oshie 50 1 2 2
PowerPlay Defense
Defense Defense Time % Phy DF OF
1 Cam Fowler Mark Giordano 50 1 2 2
2 Adam Larsson Jake McCabe 50 1 2 2
Penalty Kill 4 Players Forward
Center Wing Time % Phy DF OF
1 Nathan MacKinnon Patrice Bergeron 50 1 2 2
2 Blake Wheeler Mikael Granlund 50 1 2 2
Penalty Kill 4 Players Defense
Defense Defense Time % Phy DF OF
1 Cam Fowler Mark Giordano 50 1 2 2
2 Adam Larsson Jake McCabe 50 1 2 2
Penalty Kill - 3 Players Forward
Forward Time % Phy DF OF
1 Nathan MacKinnon 50 1 2 2
2 Patrice Bergeron 50 1 2 2
Penalty Kill - 3 Players Defense
Defense Defense Time % Phy DF OF
1 Cam Fowler Mark Giordano 50 1 2 2
2 Adam Larsson Jake McCabe 50 1 2 2
4 vs 4 Forward
Center Wing Time % Phy DF OF
1 Nathan MacKinnon Patrice Bergeron 50 1 2 2
2 Blake Wheeler Mikael Granlund 50 1 2 2
4 vs 4 Defense
Defense Defense Time % Phy DF OF
1 Cam Fowler Mark Giordano 50 1 2 2
2 Adam Larsson Jake McCabe 50 1 2 2
Last Minutes Offensive
Center Left Wing Right Wing Defense Defense
Nathan MacKinnon Mikael Granlund Blake Wheeler Cam Fowler Mark Giordano
Last Minutes Defensive
Center Left Wing Right Wing Defense Defense
Nathan MacKinnon Mikael Granlund Blake Wheeler Cam Fowler Mark Giordano
Goaltenders
Starting : Igor Shesterkin
Backup : Tristan Jarry
Extra Forwards
Normal : Conor Garland, Eric Robinson, David Kampf - PP : Conor Garland, Eric Robinson - PK : David Kampf
Extra Defensemen
Normal : Dmitry Kulikov, Matt Benning, Adam Larsson - PP : Dmitry Kulikov - PK : Matt Benning, Adam Larsson
Penalty Shots
Nathan MacKinnon, Patrice Bergeron, Blake Wheeler, Mikael Granlund, T.J. Oshie
% Time on Ice - Edmonton Oilers
Lines # - Real PCT - Wanted PCT - Time Play
Normal Forward
1 - 25% - 30% - 11:15
2 - 33% - 30% - 14:52
3 - 25% - 25% - 11:24
4 - 17% - 15% - 7:47
Normal Defense
1 - 28% - 30% - 12:51
2 - 32% - 30% - 14:36
3 - 31% - 25% - 13:49
4 - 9% - 15% - 4:02
PP Forward
1 - 43% - 50% - 2:41
2 - 57% - 50% - 3:33
PP Defense
1 - 52% - 50% - 3:15
2 - 48% - 50% - 2:59
PK Forward
1 - 54% - 50% - 3:41
2 - 46% - 50% - 3:05
PK Defense
1 - 53% - 50% - 3:35
2 - 47% - 50% - 3:11
PK3 Forward
1 - 0% - 50%
2 - 0% - 50%
PK3 Defense
1 - 0% - 50%
2 - 0% - 50%
44 Forward
1 - 52% - 50% - 0:53
2 - 48% - 50% - 0:49
44 Defense
1 - 63% - 50% - 1:04
2 - 37% - 50% - 0:38
Last Minute Offensive - 0:00
Last Minute Defensive - 0:00
Total
Forward - 60:00
Defense - 60:00
|
% Time on Ice - New York Rangers
Lines # - Real PCT - Wanted PCT - Time Play
Normal Forward
1 - 28% - 30% - 12:40
2 - 30% - 30% - 13:37
3 - 25% - 25% - 11:29
4 - 17% - 15% - 7:32
Normal Defense
1 - 29% - 30% - 13:08
2 - 32% - 30% - 14:21
3 - 29% - 25% - 13:12
4 - 10% - 15% - 4:37
PP Forward
1 - 61% - 50% - 4:08
2 - 39% - 50% - 2:38
PP Defense
1 - 43% - 50% - 2:55
2 - 57% - 50% - 3:51
PK Forward
1 - 55% - 50% - 3:26
2 - 45% - 50% - 2:48
PK Defense
1 - 47% - 50% - 2:56
2 - 53% - 50% - 3:18
PK3 Forward
1 - 0% - 50%
2 - 0% - 50%
PK3 Defense
1 - 0% - 50%
2 - 0% - 50%
44 Forward
1 - 53% - 50% - 0:54
2 - 47% - 50% - 0:48
44 Defense
1 - 59% - 50% - 1:00
2 - 41% - 50% - 0:42
Last Minute Offensive - 0:00
Last Minute Defensive - 0:00
Total
Forward - 60:00
Defense - 60:00
|
Play-by-Play
1st period
0:01 of 1st period - Boone Jenner wins face-off versus Nathan MacKinnon in neutral zone.
0:36 of 1st period - Wrist shot by Anthony Duclair.
0:36 of 1st period - Deflect By Brock Boeser.
0:36 of 1st period - Shot Misses the Net.
0:36 of 1st period - Puck is out of play.
0:37 of 1st period - Alex Iafallo wins face-off versus Eric Robinson in New York Rangers zone.
1:15 of 1st period - Wrist shot by Andre Burakovsky.
1:15 of 1st period - Stopped by Matt Murray with a rebound.
1:27 of 1st period - Matt Benning is hit by Brandon Carlo.
1:31 of 1st period - Backhand shot by Tyler Motte.
1:31 of 1st period - Shot Misses the Net.
1:39 of 1st period - Slapshot by Paul Stastny.
1:39 of 1st period - Stopped by Igor Shesterkin with a rebound.
2:13 of 1st period - Snap shot by Mikael Granlund.
2:13 of 1st period - Stopped by Matt Murray without a rebound.
2:14 of 1st period - Ryan Getzlaf wins face-off versus Nathan MacKinnon in Edmonton Oilers zone.
2:18 of 1st period - Off-side.
2:19 of 1st period - Ryan Getzlaf wins face-off versus Patrice Bergeron in neutral zone.
2:31 of 1st period - Off-side.
2:32 of 1st period - Nathan MacKinnon wins face-off versus Boone Jenner in neutral zone.
2:43 of 1st period - Backhand shot by Nathan MacKinnon.
2:43 of 1st period - Stopped by Matt Murray without a rebound.
2:44 of 1st period - Tyler Motte wins face-off versus Boone Jenner in Edmonton Oilers zone.
2:53 of 1st period - Slapshot by Carl Hagelin.
2:53 of 1st period - Stopped by Matt Murray without a rebound.
2:54 of 1st period - Luke Glendening wins face-off versus Adrian Kempe in Edmonton Oilers zone.
3:23 of 1st period - Wrist shot by Adrian Kempe.
3:23 of 1st period - Goal by Adrian Kempe - Edmonton Oilers : 1 - New York Rangers : 0.
3:24 of 1st period - Mikael Backlund wins face-off versus T.J. Oshie in neutral zone.
3:53 of 1st period - Snap shot by Paul Stastny.
3:53 of 1st period - Stopped by Igor Shesterkin with a rebound.
3:55 of 1st period - Slapshot by Jacob Trouba.
3:55 of 1st period - Deflect By Boone Jenner.
3:55 of 1st period - Stopped by Igor Shesterkin with a rebound.
3:57 of 1st period - Snap shot by Damon Severson.
3:57 of 1st period - Shot Blocked by Cam Fowler.
3:59 of 1st period - Slapshot by Damon Severson.
3:59 of 1st period - Stopped by Igor Shesterkin without a rebound.
4:00 of 1st period - Nathan MacKinnon wins face-off versus Ryan Getzlaf in New York Rangers zone.
4:00 of 1st period - Nathan MacKinnon is hit by Ryan Getzlaf.
4:35 of 1st period - Snap shot by Alex Iafallo.
4:35 of 1st period - Shot Blocked by Cam Fowler.
4:57 of 1st period - Off-side.
4:58 of 1st period - Ryan Getzlaf wins face-off versus Nathan MacKinnon in neutral zone.
5:03 of 1st period - Snap shot by Brock Boeser.
5:03 of 1st period - Stopped by Igor Shesterkin with a rebound.
5:05 of 1st period - Wrist shot by Damon Severson.
5:05 of 1st period - Stopped by Igor Shesterkin with a rebound.
5:07 of 1st period - Snap shot by Ryan Getzlaf.
5:07 of 1st period - Stopped by Igor Shesterkin without a rebound.
5:08 of 1st period - Ryan Getzlaf wins face-off versus Nathan MacKinnon in New York Rangers zone.
5:21 of 1st period - Mark Giordano is hit by Jacob Trouba and loses puck.
5:30 of 1st period - Snap shot by Anthony Duclair.
5:30 of 1st period - Shot Misses the Net.
5:32 of 1st period - Slapshot by Damon Severson.
5:32 of 1st period - Shot Misses the Net.
5:40 of 1st period - Snap shot by Anthony Duclair.
5:40 of 1st period - Deflect By Cam Fowler.
5:40 of 1st period - Shot Misses the Net.
5:40 of 1st period - Puck is out of play.
5:41 of 1st period - Patrice Bergeron wins face-off versus Alex Iafallo in New York Rangers zone.
5:41 of 1st period - Patrice Bergeron is hit by Cam Atkinson.
6:39 of 1st period - Snap shot by Mikael Granlund.
6:39 of 1st period - Shot Blocked by Brandon Carlo.
6:53 of 1st period - Wrist shot by Patrice Bergeron.
6:53 of 1st period - Stopped by Matt Murray with a rebound.
6:55 of 1st period - Slapshot by Patrice Bergeron.
6:55 of 1st period - Stopped by Matt Murray with a rebound.
6:57 of 1st period - Slapshot by Adam Larsson.
6:57 of 1st period - Shot Misses the Net.
6:59 of 1st period - Slapshot by Jake McCabe.
6:59 of 1st period - Shot Blocked by Duncan Keith.
7:01 of 1st period - Snap shot by Adam Larsson.
7:01 of 1st period - Stopped by Matt Murray without a rebound.
7:02 of 1st period - Alex Iafallo wins face-off versus David Kampf in Edmonton Oilers zone.
8:22 of 1st period - Mikael Granlund is hit by Damon Severson and loses puck.
8:49 of 1st period - Blake Wheeler is hit by Jacob Trouba and loses puck.
9:54 of 1st period - Cam Fowler is hit by Alex Iafallo and loses puck.
10:03 of 1st period - Cam Atkinson is hit by Jake McCabe and loses puck.
10:20 of 1st period - Adrian Kempe is hit by Patrice Bergeron and loses puck.
11:11 of 1st period - Wrist shot by Mikael Granlund.
11:11 of 1st period - Shot Blocked by Duncan Keith.
11:21 of 1st period - Snap shot by Nathan MacKinnon.
11:21 of 1st period - Shot Misses the Net.
11:23 of 1st period - Snap shot by Cam Fowler.
11:23 of 1st period - Shot Blocked by Duncan Keith.
11:37 of 1st period - Jamie Benn is hit by Andre Burakovsky.
11:42 of 1st period - Off-side.
11:43 of 1st period - Patrice Bergeron wins face-off versus Alex Iafallo in neutral zone.
12:10 of 1st period - Snap shot by Adrian Kempe.
12:10 of 1st period - Stopped by Igor Shesterkin without a rebound.
12:11 of 1st period - Boone Jenner wins face-off versus Luke Glendening in New York Rangers zone.
12:18 of 1st period - Slapshot by Jamie Benn.
12:18 of 1st period - Shot Misses the Net.
12:32 of 1st period - Jamie Benn is hit by Luke Glendening.
12:38 of 1st period - Snap shot by Boone Jenner.
12:38 of 1st period - Stopped by Igor Shesterkin without a rebound.
12:39 of 1st period - Ryan Getzlaf wins face-off versus David Kampf in New York Rangers zone.
13:06 of 1st period - Alex Iafallo is hit by Patrice Bergeron and loses puck.
13:13 of 1st period - Wrist shot by Patrice Bergeron.
13:13 of 1st period - Goal by Patrice Bergeron - Edmonton Oilers : 1 - New York Rangers : 1.
13:14 of 1st period - Patrice Bergeron wins face-off versus Boone Jenner in neutral zone.
13:22 of 1st period - Snap shot by Adrian Kempe.
13:22 of 1st period - Stopped by Igor Shesterkin without a rebound.
13:23 of 1st period - Boone Jenner wins face-off versus Patrice Bergeron in New York Rangers zone.
13:32 of 1st period - Wrist shot by Patrice Bergeron.
13:32 of 1st period - Stopped by Matt Murray with a rebound.
13:46 of 1st period - Wrist shot by Adrian Kempe.
13:46 of 1st period - Stopped by Igor Shesterkin with a rebound.
13:48 of 1st period - Snap shot by Jamie Benn.
13:48 of 1st period - Shot Blocked by Mark Giordano.
13:50 of 1st period - Slapshot by Jacob Trouba.
13:50 of 1st period - Shot Blocked by Patrice Bergeron.
13:52 of 1st period - Snap shot by Jacob Trouba.
13:52 of 1st period - Shot Blocked by Cam Fowler.
13:54 of 1st period - Slapshot by Jacob Trouba.
13:54 of 1st period - Stopped by Igor Shesterkin with a rebound.
13:56 of 1st period - Slapshot by Jacob Trouba.
13:56 of 1st period - Shot Misses the Net.
13:58 of 1st period - Snap shot by Adrian Kempe.
13:58 of 1st period - Deflect By Mark Giordano.
13:58 of 1st period - Stopped by Igor Shesterkin without a rebound.
13:59 of 1st period - David Kampf wins face-off versus Alex Iafallo in New York Rangers zone.
14:08 of 1st period - Snap shot by Conor Garland.
14:08 of 1st period - Stopped by Matt Murray with a rebound.
15:53 of 1st period - Minor Penalty to Mark Giordano for Hooking.
15:54 of 1st period - Nathan MacKinnon wins face-off versus Ryan Getzlaf in New York Rangers zone.
15:54 of 1st period - Nathan MacKinnon is hit by Anthony Duclair.
16:38 of 1st period - Snap shot by Mikael Granlund.
16:38 of 1st period - Stopped by Matt Murray without a rebound.
16:39 of 1st period - Boone Jenner wins face-off versus Blake Wheeler in Edmonton Oilers zone.
17:53 of 1st period - Penalty to Mark Giordano is over, Mark Giordano is back on ice.
18:11 of 1st period - Wrist shot by Cam Atkinson.
18:11 of 1st period - Stopped by Igor Shesterkin without a rebound.
18:12 of 1st period - Jakub Voracek wins face-off versus Eric Robinson in New York Rangers zone.
18:23 of 1st period - Brandon Carlo is hit by David Kampf and loses puck.
18:40 of 1st period - Wrist shot by Paul Stastny.
18:40 of 1st period - Shot Misses the Net.
Goals for this period are 1 for Edmonton Oilers vs 1 for New York Rangers.
Shots for this period are 15 for Edmonton Oilers vs 11 for New York Rangers.
2nd period
0:01 of 2nd period - Nathan MacKinnon wins face-off versus Ryan Getzlaf in neutral zone.
0:45 of 2nd period - Icing by Mark Giordano.
0:46 of 2nd period - Patrice Bergeron wins face-off versus Alex Iafallo in New York Rangers zone.
2:09 of 2nd period - Wrist shot by Adrian Kempe.
2:09 of 2nd period - Stopped by Igor Shesterkin with a rebound.
2:59 of 2nd period - Wrist shot by Mikael Granlund.
2:59 of 2nd period - Stopped by Matt Murray without a rebound.
3:00 of 2nd period - Ryan Getzlaf wins face-off versus Patrice Bergeron in Edmonton Oilers zone.
3:02 of 2nd period - Minor Penalty to Anthony Duclair for Hooking.
3:03 of 2nd period - Nathan MacKinnon wins face-off versus Boone Jenner in Edmonton Oilers zone.
3:17 of 2nd period - Slapshot by Damon Severson.
3:17 of 2nd period - Shot Misses the Net.
3:19 of 2nd period - Minor Penalty to Cam Fowler for Holding.
3:20 of 2nd period - Boone Jenner wins face-off versus Nathan MacKinnon in New York Rangers zone.
3:31 of 2nd period - Slapshot by Boone Jenner.
3:31 of 2nd period - Stopped by Igor Shesterkin with a rebound.
3:33 of 2nd period - Snap shot by Boone Jenner.
3:33 of 2nd period - Shot Blocked by Patrice Bergeron.
5:02 of 2nd period - Penalty to Anthony Duclair is over, Anthony Duclair is back on ice.
5:04 of 2nd period - Off-side.
5:05 of 2nd period - Ryan Getzlaf wins face-off versus Blake Wheeler in neutral zone.
5:08 of 2nd period - Snap shot by Anthony Duclair.
5:08 of 2nd period - Stopped by Igor Shesterkin without a rebound.
5:09 of 2nd period - Ryan Getzlaf wins face-off versus Nathan MacKinnon in New York Rangers zone.
5:10 of 2nd period - Wrist shot by Anthony Duclair.
5:10 of 2nd period - Stopped by Igor Shesterkin without a rebound.
5:11 of 2nd period - Ryan Getzlaf wins face-off versus Nathan MacKinnon in New York Rangers zone.
5:19 of 2nd period - Penalty to Cam Fowler is over, Cam Fowler is back on ice.
5:45 of 2nd period - Snap shot by Cam Atkinson.
5:45 of 2nd period - Stopped by Igor Shesterkin with a rebound.
6:43 of 2nd period - Jacob Trouba is hit by Matt Benning and loses puck.
6:50 of 2nd period - Slapshot by Carl Hagelin.
6:50 of 2nd period - Stopped by Matt Murray with a rebound.
6:52 of 2nd period - Wrist shot by Carl Hagelin.
6:52 of 2nd period - Stopped by Matt Murray with a rebound.
7:06 of 2nd period - Jakub Voracek is hit by Eric Robinson and loses puck.
7:25 of 2nd period - Wrist shot by Boone Jenner.
7:25 of 2nd period - Stopped by Igor Shesterkin without a rebound.
7:26 of 2nd period - Nathan MacKinnon wins face-off versus Mikael Backlund in New York Rangers zone.
7:40 of 2nd period - Mikael Backlund is hit by Matt Benning.
8:44 of 2nd period - Wrist shot by Eric Robinson.
8:44 of 2nd period - Shot Misses the Net.
8:46 of 2nd period - Wrist shot by Conor Garland.
8:46 of 2nd period - Stopped by Matt Murray without a rebound.
8:47 of 2nd period - Boone Jenner wins face-off versus Nathan MacKinnon in Edmonton Oilers zone.
8:49 of 2nd period - Minor Penalty to Adrian Kempe for Hooking.
8:50 of 2nd period - Alex Iafallo wins face-off versus Patrice Bergeron in Edmonton Oilers zone.
8:58 of 2nd period - Wrist shot by Alex Iafallo.
8:58 of 2nd period - Shot Misses the Net.
9:20 of 2nd period - Snap shot by Boone Jenner.
9:20 of 2nd period - Stopped by Igor Shesterkin without a rebound.
9:21 of 2nd period - Nathan MacKinnon wins face-off versus Boone Jenner in New York Rangers zone.
9:32 of 2nd period - Wrist shot by Mikael Granlund.
9:32 of 2nd period - Stopped by Matt Murray with a rebound.
9:34 of 2nd period - Snap shot by Blake Wheeler.
9:34 of 2nd period - Shot Blocked by Jacob Trouba.
9:36 of 2nd period - Wrist shot by Blake Wheeler.
9:36 of 2nd period - Deflect By Mikael Granlund.
9:36 of 2nd period - Goal by Mikael Granlund - Edmonton Oilers : 1 - New York Rangers : 2.
9:37 of 2nd period - Nathan MacKinnon wins face-off versus Boone Jenner in neutral zone.
10:49 of 2nd period - Slapshot by Carl Hagelin.
10:49 of 2nd period - Stopped by Matt Murray with a rebound.
10:51 of 2nd period - Slapshot by Jake McCabe.
10:51 of 2nd period - Stopped by Matt Murray with a rebound.
10:53 of 2nd period - Slapshot by Jake McCabe.
10:53 of 2nd period - Shot Misses the Net.
10:55 of 2nd period - Slapshot by Carl Hagelin.
10:55 of 2nd period - Shot Misses the Net.
10:57 of 2nd period - Snap shot by Tyler Motte.
10:57 of 2nd period - Stopped by Matt Murray without a rebound.
10:58 of 2nd period - Anthony Duclair wins face-off versus Nathan MacKinnon in Edmonton Oilers zone.
11:15 of 2nd period - Wrist shot by Blake Wheeler.
11:15 of 2nd period - Shot Misses the Net.
11:36 of 2nd period - Off-side.
11:37 of 2nd period - Nathan MacKinnon wins face-off versus Boone Jenner in neutral zone.
11:52 of 2nd period - Slapshot by Mikael Granlund.
11:52 of 2nd period - Stopped by Matt Murray with a rebound.
11:54 of 2nd period - Wrist shot by Nathan MacKinnon.
11:54 of 2nd period - Stopped by Matt Murray with a rebound.
12:51 of 2nd period - Wrist shot by Anthony Duclair.
12:51 of 2nd period - Shot Misses the Net.
12:53 of 2nd period - Slapshot by Brandon Carlo.
12:53 of 2nd period - Shot Misses the Net.
13:29 of 2nd period - Snap shot by Paul Stastny.
13:29 of 2nd period - Stopped by Igor Shesterkin without a rebound.
13:30 of 2nd period - Patrice Bergeron wins face-off versus Mikael Backlund in New York Rangers zone.
13:35 of 2nd period - Snap shot by Mikael Backlund.
13:35 of 2nd period - Shot Misses the Net.
13:41 of 2nd period - Snap shot by Boone Jenner.
13:41 of 2nd period - Stopped by Igor Shesterkin without a rebound.
13:42 of 2nd period - Ryan Getzlaf wins face-off versus Nathan MacKinnon in New York Rangers zone.
13:53 of 2nd period - Snap shot by Blake Wheeler.
13:53 of 2nd period - Stopped by Matt Murray with a rebound.
13:55 of 2nd period - Slapshot by Mikael Granlund.
13:55 of 2nd period - Stopped by Matt Murray without a rebound.
13:56 of 2nd period - Boone Jenner wins face-off versus Nathan MacKinnon in Edmonton Oilers zone.
14:23 of 2nd period - Cam Fowler is hit by Brock Boeser and loses puck.
15:02 of 2nd period - Brett Pesce is hit by Tyler Motte and loses puck.
15:21 of 2nd period - Matt Benning is hit by Brock Boeser and loses puck.
15:46 of 2nd period - Jake McCabe is hit by Cam Atkinson and loses puck.
16:03 of 2nd period - Boone Jenner is hit by Adam Larsson.
16:30 of 2nd period - Ryan Getzlaf is hit by Cam Fowler and loses puck.
17:23 of 2nd period - Paul Stastny is hit by Patrice Bergeron and loses puck.
17:56 of 2nd period - Minor Penalty to Jake McCabe for Roughing.
17:57 of 2nd period - Ryan Getzlaf wins face-off versus Blake Wheeler in New York Rangers zone.
19:56 of 2nd period - Penalty to Jake McCabe is over, Jake McCabe is back on ice.
Goals for this period are 0 for Edmonton Oilers vs 1 for New York Rangers.
Shots for this period are 9 for Edmonton Oilers vs 13 for New York Rangers.
3rd period
0:01 of 3rd period - Mikael Granlund wins face-off versus Boone Jenner in neutral zone.
0:06 of 3rd period - Wrist shot by Mikael Granlund.
0:06 of 3rd period - Shot Misses the Net.
1:20 of 3rd period - Snap shot by Tyler Motte.
1:20 of 3rd period - Stopped by Matt Murray with a rebound.
1:36 of 3rd period - Slapshot by Patrice Bergeron.
1:36 of 3rd period - Stopped by Matt Murray with a rebound.
1:38 of 3rd period - Snap shot by Matt Benning.
1:38 of 3rd period - Stopped by Matt Murray with a rebound.
1:40 of 3rd period - Snap shot by T.J. Oshie.
1:40 of 3rd period - Stopped by Matt Murray with a rebound.
1:42 of 3rd period - Wrist shot by Andre Burakovsky.
1:42 of 3rd period - Stopped by Matt Murray without a rebound.
1:43 of 3rd period - Nathan MacKinnon wins face-off versus Alex Iafallo in Edmonton Oilers zone.
1:58 of 3rd period - Jakub Voracek is hit by Mikael Granlund and loses puck.
2:37 of 3rd period - Patrice Bergeron is hit by Brock Boeser and loses puck.
3:12 of 3rd period - Minor Penalty to Brett Pesce for Roughing.
3:13 of 3rd period - Adrian Kempe wins face-off versus Patrice Bergeron in Edmonton Oilers zone.
4:05 of 3rd period - Jamie Benn is hit by Mikael Granlund and loses puck.
5:12 of 3rd period - Penalty to Brett Pesce is over, Brett Pesce is back on ice.
5:35 of 3rd period - Conor Garland is hit by Jakub Voracek and loses puck.
6:09 of 3rd period - Patrice Bergeron is hit by Jacob Trouba and loses puck.
6:36 of 3rd period - Wrist shot by Boone Jenner.
6:36 of 3rd period - Stopped by Igor Shesterkin without a rebound.
6:37 of 3rd period - Luke Glendening wins face-off versus Paul Stastny in New York Rangers zone.
6:45 of 3rd period - Minor Penalty to Boone Jenner for Hooking.
6:46 of 3rd period - Patrice Bergeron wins face-off versus Adrian Kempe in Edmonton Oilers zone.
6:48 of 3rd period - Slapshot by Patrice Bergeron.
6:48 of 3rd period - Shot Misses the Net.
6:50 of 3rd period - Slapshot by Cam Fowler.
6:50 of 3rd period - Shot Blocked by Brett Pesce.
6:52 of 3rd period - Snap shot by Andre Burakovsky.
6:52 of 3rd period - Shot Misses the Net.
7:00 of 3rd period - Snap shot by Patrice Bergeron.
7:00 of 3rd period - Shot Blocked by Adrian Kempe.
7:02 of 3rd period - Slapshot by Cam Fowler.
7:02 of 3rd period - Stopped by Matt Murray with a rebound.
7:22 of 3rd period - Snap shot by Nathan MacKinnon.
7:22 of 3rd period - Shot Misses the Net.
8:35 of 3rd period - Mikael Granlund is hit by Jacob Trouba and loses puck.
8:45 of 3rd period - Penalty to Boone Jenner is over, Boone Jenner is back on ice.
10:32 of 3rd period - Off-side.
10:33 of 3rd period - Patrice Bergeron wins face-off versus Ryan Getzlaf in neutral zone.
11:22 of 3rd period - Jake McCabe is hit by Jakub Voracek and loses puck.
11:39 of 3rd period - Snap shot by Paul Stastny.
11:39 of 3rd period - Shot Misses the Net.
11:41 of 3rd period - Wrist shot by Boone Jenner.
11:41 of 3rd period - Stopped by Igor Shesterkin without a rebound.
11:42 of 3rd period - Patrice Bergeron wins face-off versus Mikael Backlund in New York Rangers zone.
11:42 of 3rd period - Patrice Bergeron is hit by Paul Stastny.
12:13 of 3rd period - Minor Penalty to Patrice Bergeron for Tripping.
12:14 of 3rd period - Ryan Getzlaf wins face-off versus Blake Wheeler in New York Rangers zone.
12:26 of 3rd period - Wrist shot by Blake Wheeler.
12:26 of 3rd period - Shot Misses the Net.
12:28 of 3rd period - Slapshot by Mark Giordano.
12:28 of 3rd period - Stopped by Matt Murray with a rebound.
12:30 of 3rd period - Slapshot by Cam Fowler.
12:30 of 3rd period - Shot Misses the Net.
14:13 of 3rd period - Penalty to Patrice Bergeron is over, Patrice Bergeron is back on ice.
14:21 of 3rd period - Erik Johnson is hit by Patrice Bergeron and loses puck.
15:07 of 3rd period - Wrist shot by Conor Garland.
15:07 of 3rd period - Shot Misses the Net.
15:35 of 3rd period - Snap shot by Blake Wheeler.
15:35 of 3rd period - Deflect By Mikael Granlund.
15:35 of 3rd period - Shot Misses the Net.
15:35 of 3rd period - Puck is out of play.
15:36 of 3rd period - Ryan Getzlaf wins face-off versus Eric Robinson in Edmonton Oilers zone.
15:52 of 3rd period - Brett Pesce is hit by Mikael Granlund and loses puck.
16:21 of 3rd period - T.J. Oshie is hit by Jamie Benn.
17:27 of 3rd period - Mark Giordano is hit by Jamie Benn and loses puck.
17:53 of 3rd period - Snap shot by Blake Wheeler.
17:53 of 3rd period - Stopped by Matt Murray without a rebound.
17:54 of 3rd period - Nathan MacKinnon wins face-off versus Alex Iafallo in Edmonton Oilers zone.
17:55 of 3rd period - Snap shot by Blake Wheeler.
17:55 of 3rd period - Shot Misses the Net.
17:57 of 3rd period - Slapshot by Mikael Granlund.
17:57 of 3rd period - Shot Misses the Net.
17:59 of 3rd period - Snap shot by Nathan MacKinnon.
17:59 of 3rd period - Stopped by Matt Murray with a rebound.
18:01 of 3rd period - Slapshot by Adam Larsson.
18:01 of 3rd period - Stopped by Matt Murray with a rebound.
18:03 of 3rd period - Snap shot by Adam Larsson.
18:03 of 3rd period - Shot Blocked by Jakub Voracek.
18:05 of 3rd period - Wrist shot by Adam Larsson.
18:05 of 3rd period - Shot Misses the Net.
18:07 of 3rd period - Slapshot by Jake McCabe.
18:07 of 3rd period - Shot Misses the Net.
18:15 of 3rd period - Minor Penalty to Jacob Trouba for High sticking.
18:16 of 3rd period - T.J. Oshie wins face-off versus Adrian Kempe in Edmonton Oilers zone.
18:47 of 3rd period - Duncan Keith is hit by Mikael Granlund and loses puck.
Goals for this period are 0 for Edmonton Oilers vs 0 for New York Rangers.
Shots for this period are 2 for Edmonton Oilers vs 10 for New York Rangers.
Back to the Top